 Dungeon Crawl Stone Soup version 0.25-a0-346-g140ab784a8 (webtiles) character file.

Game seed: 16324697473008944217, levelgen mode: deterministic

613 Dedcleva the Covert (level 7, -8/52 HPs)
             Began as a Vampire Assassin on Jan 1, 2020.
             Was an Initiate of Dithmenos.
             Shot with an arrow by a centaur (12 damage)
             ... on level 5 of the Dungeon.
             The game lasted 00:22:16 (4750 turns).

Dedcleva the Covert (Vampire Assassin)              Turns: 4750, Time: 00:22:16

Health: -8/52      AC:  3    Str: 10    XL:     7   Next: 20%
Magic:  7/7        EV: 14    Int: 13    God:    Dithmenos [......]
Gold:   259        SH:  0    Dex: 18    Spells: 6/6 levels left

rFire    . . .     SeeInvis +   a - +2 dagger
rCold    . . .     Gourm    .   (no shield)
rNeg     . . .     Faith    .   b - +0 robe
rPois    .         Spirit   .   (no helmet)
rElec    .         Reflect  .   c - +0 cloak
rCorr    .         Harm     .   (no gloves)
MR       .....                  (no boots)
Stlth    ++++......             (no amulet)
HPRegen  0.37/turn              (no ring)
MPRegen  0.10/turn              (no ring)

@: regenerating quickly
A: no food, fangs 3, see invisible, unbreathing
a: Exsanguinate, Renounce Religion


You were on level 5 of the Dungeon.
You worshipped Dithmenos.
Dithmenos was noncommittal.
You were alive.

You visited 2 branches of the dungeon, and saw 6 of its levels.
You also visited: Sewer.

You collected 259 gold pieces.

Inventory:

Hand Weapons
 a - a +2 dagger (weapon)
Missiles
 d - 8 poisoned darts (quivered)
 e - 2 curare-tipped darts
Armour
 b - a +0 robe (worn)
 c - a +0 cloak (worn)
 j - a +0 cloak
 t - a +0 chain mail
Wands
 p - a wand of polymorph (9)
Scrolls
 h - a scroll of immolation {unknown}
 m - a scroll of noise {unknown}
 q - a scroll of remove curse
 r - 2 scrolls of magic mapping {unknown}
 s - a scroll of blinking {unknown}
 u - a scroll of teleportation {unknown}
Potions
 f - a potion of might {unknown}
 g - a potion of magic {unknown}
 i - 2 potions of heal wounds {unknown}
 k - a potion of brilliance {unknown}
 l - 2 potions of lignification {unknown}
 o - a potion of flight
 v - a potion of resistance {unknown}


   Skills:
 + Level 3.1 Fighting
 + Level 5.0 Short Blades
 - Level 1.6 Throwing
 + Level 3.9 Dodging
 + Level 9.2 Stealth


You had 6 spell levels left.
You didn't know any spells.
Your spell library was empty.

Dungeon Overview and Level Annotations

Branches:
Dungeon (5/15)             Temple (1/1) D:4           Sewer (visited)

Altars:
Ashenzari
Cheibriados
Dithmenos
Elyvilon
Gozag
Hepliaklqana
Kikubaaqudgha
Nemelex Xobeh
Okawaru
Ru
Trog
Uskayaw
Vehumet
Wu Jian
Xom
Zin
The Shining One


Innate Abilities, Weirdness & Mutations

You do not eat.
Your natural rate of healing is unusually fast.
You have razor-sharp teeth.
You have supernaturally acute eyesight. (SInv)
You can survive without breathing.


Message History

You hit the centaur but do no damage.
The centaur is severely wounded.
The howler monkey hits you. The centaur misses you.
You hit the centaur but do no damage.
The centaur is severely wounded.
The howler monkey hoots and howls with incredible vigour!
The centaur barely misses you.
You barely miss the centaur.
The centaur is severely wounded.
The howler monkey barely misses you. The centaur hits you!
The centaur wields a +0 shortbow.
The centaur shoots an arrow.
The arrow hits you!
* * * LOW HITPOINT WARNING * * *
The centaur shoots an arrow.
The arrow hits you.
* * * LOW HITPOINT WARNING * * *
The howler monkey hits you.
* * * LOW HITPOINT WARNING * * *
You see here an arrow.
The centaur shoots an arrow.
The arrow hits you!
You die...

######### #.......##
####''####..##
##≈≈≈..≈≈≈##..##
#≈≈...@..≈≈##).##
#≈≈..../(..≈≈##..##
≈≈.......hc.≈≈##..#
≈............≈≈##.######
..?.≈≈≈≈≈≈....≈≈#.......
####
...≈######≈.(..≈#######.
#..# ...≈ #≈....≈# #.
#.## ... #≈....≈# #. #.#
#≈....≈# #.


You could see a centaur and a howler monkey.

Vanquished Creatures
  An ogre (D:4)
  A big kobold (Sewer)
  A howler monkey (D:4)
  A bullfrog skeleton (D:5)
  A jelly (D:5)
  An orc wizard (D:4)
  3 centaur skeletons
  3 worker ants (D:5)
  A hound zombie (D:5)
  A worker ant zombie (D:5)
  Robin (D:3)
  An adder (D:2)
  2 river rats (Sewer)
  2 adder skeletons (D:5)
  3 worms
  A dart slug (D:2)
  3 leopard geckos
  7 orcs
  13 goblins
  4 hobgoblins
  13 jackals
  3 quokkas
  7 bats
  A frilled lizard (D:1)
  5 kobolds
  A leopard gecko skeleton (D:4)
  8 rats
89 creatures vanquished.

Notes
Turn   | Place    | Note
-------+----------+-------------------------------------------
     0 | D:1      | Dedcleva the Vampire Assassin began the quest for the Orb.
     0 | D:1      | Reached XP level 1. HP: 16/16 MP: 1/1
    84 | D:1      | Reached skill level 6 in Stealth
   117 | D:1      | Reached XP level 2. HP: 21/22 MP: 2/2
   827 | D:2      | Found an opulent altar of Gozag.
  1006 | D:2      | Reached skill level 7 in Stealth
  1006 | D:2      | Reached XP level 3. HP: 27/27 MP: 3/3
  1716 | D:3      | Reached XP level 4. HP: 14/33 MP: 4/4
  2010 | D:3      | Found a glowing drain.
  2071 | Sewer    | Entered a sewer
  2211 | Sewer    | Noticed a big kobold
  2269 | Sewer    | Killed a big kobold
  2269 | Sewer    | Reached skill level 8 in Stealth
  2269 | Sewer    | Reached XP level 5. HP: 37/39 MP: 5/5
  2373 | Sewer    | Found a white marble altar of Elyvilon.
  2617 | D:3      | Noticed Robin
  2651 | D:3      | Killed Robin
  2812 | D:4      | Noticed an ogre
  2828 | D:4      | Killed an ogre
  2828 | D:4      | Reached XP level 6. HP: 46/46 MP: 6/6
  3333 | D:4      | Found a white marble altar of Elyvilon.
  3622 | D:4      | Found a staircase to the Ecumenical Temple.
  3678 | Temple   | Entered the Ecumenical Temple
  3779 | Temple   | Became a worshipper of Dithmenos the Shadowed
  4060 | D:5      | Entered Level 5 of the Dungeon
  4134 | D:5      | Found an iron altar of Okawaru.
  4195 | D:5      | Reached skill level 9 in Stealth
  4195 | D:5      | Reached XP level 7. HP: 52/52 MP: 7/7
  4354 | D:5      | Reached skill level 5 in Short Blades
  4380 | D:5      | Found a shattered altar of Ashenzari.
  4678 | D:5      | Found a sparkling altar of Nemelex Xobeh.
  4750 | D:5      | Shot with an arrow by a centaur

Levels and vault maps discovered:
D:1:      mrwooster_arrival_statue_2, layout_loops_corners, feat_on_display
D:2:      layout_basic, nicolae_overflow_crystal_walls, serial_glass,
          glass_columns_a, glass_columns_a
D:3:      layout_basic, cheibrodos_sewer_entry_bend, uniq_robin
D:4:      layout_loops_cross, kennysheep_mini_moat,
          minmay_temple_entry_nine_rooms, first_ration
D:5:      layout_loops_ring, nemelex_xobeh_ov_fountains_minmay,
          okawaru_ov_weapons_minmay, kennysheep_big_empty_room,
          evilmike_ruin_ashenzari
Temple:   dshaligram_water_room_temple

Skill      XL: |  1  2  3  4  5  6  7 |
---------------+----------------------+-----
Stealth        | 6 7 8 9 |  9.2
Fighting       | 2 3 |  3.1
Dodging        | 2 3 |  3.9
Short Blades   | 3 4 5 |  5.0
Throwing       | |  1.6

Action                   |  1- 3 |  4- 6 |  7- 9 || total
-------------------------+-------+-------+-------++-------
Melee: Dagger            |   137 |   220 |    63 ||   420
       Bite              |    15 |    30 |    10 ||    55
Throw: Dart              |       |     7 |       ||     7
  Use: Scroll            |       |     3 |       ||     3
       Potion            |       |     2 |     1 ||     3
 Stab: Sleeping          |     8 |    10 |     1 ||    19
Armor: Robe              |    50 |    19 |     6 ||    75
Dodge: Dodged            |   102 |   103 |    42 ||   247

Table legend:
 A = Non-vault XP
 B = Vault XP
 C = Vault XP percentage of total XP
 D = Non-vault monster count
 E = Vault monster count
 F = Vault count percentage of total count
                 A         B        C        D         E       F
            +---------+---------+-------+---------+---------+-------
      Total |     703 |     174 |  19.8 |      67 |      22 |  24.7
            +---------+---------+-------+---------+---------+-------
        D:1 |      33 |       0 |   0.0 |      19 |       0 |   0.0
        D:2 |      29 |       0 |   0.0 |       8 |       0 |   0.0
        D:3 |      66 |      35 |  34.7 |      13 |      10 |  43.5
        D:4 |     333 |       0 |   0.0 |      16 |       0 |   0.0
        D:5 |     242 |       0 |   0.0 |      11 |       0 |   0.0
      Sewer |       0 |     139 | 100.0 |       0 |      12 | 100.0
            +---------+---------+-------+---------+---------+-------
